 Dungeon Crawl Stone Soup version 0.28.0-55-gcd9437bce4 (webtiles) character file.

Game seed: 7622067937861329634

71 nerdsy the Protected (level 4, -5/32 HPs)
             Began as a Gnoll Wanderer on Dec 28, 2022.
             Slain by a gnoll
             ... wielding a +0 flail
              (7 damage)
             ... on level 3 of the Dungeon on Dec 29, 2022.
             The game lasted 00:12:50 (2107 turns).

nerdsy the Protected (Gnoll Wanderer)               Turns: 2107, Time: 00:12:50

Health: -5/32      AC: 11    Str: 17    XL:     4   Next: 24%
Magic:  6/6        EV: 10    Int: 10    God:
Gold:   120        SH:  0    Dex:  9    Spells: 5/5 levels left

rFire   + + .      SeeInvis .   k - +7 mace of Dominance {flame, rPois}
rCold   + . .      Faith    .   (no shield)
rNeg    . . .      Spirit   .   c - +0 scale mail
rPois   +          Reflect  .   (no helmet)
rElec   +          Harm     .   l - +0 cloak
rCorr   +          Rampage  .   (no gloves)
Will    .....                   r - +0 pair of boots
Stlth   ..........              (no amulet)
HPRegen 0.10/turn               g - ring of protection from fire
MPRegen 0.10/turn               (no ring)

@: silenced, resistant, attractive
A: fangs 1, strong nose, distributed training
a: no special abilities


You were on level 3 of the Dungeon.
You visited 1 branch of the dungeon, and saw 3 of its levels.

You collected 120 gold pieces.

Inventory:

Hand Weapons
 a - a +2 hand axe
 i - a +0 hunting sling
 j - a +0 short sword
 k - the +7 mace of Dominance (weapon) {flame, rPois}
   (You found it on level 2 of the Dungeon)

   It burns those it strikes, dealing additional fire damage.
   rPois:     It protects you from poison.
 o - a +0 rapier
 p - a +0 short sword
Missiles
 e - 78 stones (quivered)
 q - 25 bolts
 s - 16 arrows
Armour
 c - a +0 scale mail (worn)
 l - a +0 cloak (worn)
 r - a +0 pair of boots (worn)
Jewellery
 g - a ring of protection from fire (left hand)
Scrolls
 n - a scroll of identify {unknown}


   Skills:
 + Level 1.1 Fighting
 + Level 1.1 Short Blades
 + Level 1.1 Long Blades
 + Level 6.6 Axes
 + Level 1.1 Maces & Flails
 + Level 1.1 Polearms
 + Level 1.1 Staves
 + Level 1.1 Slings
 + Level 1.1 Bows
 + Level 1.1 Crossbows
 + Level 1.1 Throwing
 + Level 8.5 Armour
 + Level 1.1 Dodging
 + Level 1.1 Stealth
 + Level 1.1 Shields
 + Level 1.1 Unarmed Combat
 + Level 1.1 Spellcasting
 + Level 0.8 Conjurations
 + Level 0.8 Hexes
 + Level 0.8 Summonings
 + Level 0.8 Necromancy
 + Level 0.8 Translocations
 + Level 0.8 Transmutations
 + Level 0.8 Fire Magic
 + Level 0.8 Ice Magic
 + Level 0.8 Air Magic
 + Level 0.8 Earth Magic
 + Level 0.8 Poison Magic
 + Level 2.8 Invocations
 + Level 4.6 Evocations


You had 5 spell levels left.
You didn't know any spells.
Your spell library contained the following spells:

 Spells                   Type           Power      Damage    Failure   Level
 Shock                    Conj/Air       8%         1d3       56%         1
 Swiftness                Air            2%         N/A       90%         3
 Airstrike                Air            1%         N/A       100%        4


Dungeon Overview and Level Annotations

Branches:
Dungeon (3/15)

Altars:


Innate Abilities, Weirdness & Mutations

You have very sharp teeth.
Your uncanny sense of smell can sniff out nearby items.
Your experience applies equally to all skills.


Message History

You kill the ball python!
You see here a ball python corpse.
You now have 120 gold pieces (gained 8).
A goblin and a gnoll come into view.
The goblin shouts!
The gnoll shouts!
The goblin moves out of view.
A gnoll comes into view. It is wielding a +0 flail.
A gnoll comes into view. It is wielding a +0 flail.
The gnoll shouts!
You hear a shout!
A gnoll comes into view. It is wielding a +0 club.
It was a potion of curing.
You feel better.
It was a potion of resistance.
You feel protected.
It was a potion of heal wounds.
You feel much better.
You feel attractive to monsters. The gnoll completely misses you.
The gnoll hits you with a +0 flail!
As you read the scroll labelled GOAGECWEHA, it crumbles to dust.
A profound silence engulfs you.
It was a scroll of silence.
The gnoll hits you with a +0 flail. x2
You sock the gnoll! You burn the gnoll.
You kill the gnoll!
The gnoll hits you with a +0 whip.
You sock the gnoll! You burn the gnoll. You bite the gnoll, but do no damage.
The gnoll is severely wounded.
A bat comes into view.
The gnoll barely misses you. x2; The gnoll misses you.
The gnoll hits you with a +0 flail!
* * * LOW HITPOINT WARNING * * *
The bat is attracted toward you.
Magic scrolls do not work when you're silenced!
You thump the gnoll! You burn the gnoll.
The gnoll is almost dead.
The gnoll hits you but does no damage. The gnoll closely misses you.
The gnoll hits you with a +0 flail!
* * * LOW HITPOINT WARNING * * *
The gnoll closely misses you.
You closely miss the gnoll.
The gnoll is almost dead.
The gnoll closely misses you. The gnoll hits you with a +0 flail!
You die...

.. #..#.# .##.# #.##..#.# ..#.#
#.....#.# #.#.# .######.#.# #.#.#
........#.## ##.#.###########
#####...#.##. #...............
.......##.#§.. #.#..###########
#.####....#...b###.#..#
#..#†######...gg@..#..#########
#.#.....#.#....gg....>........#
######.#..#...................#
#..#.####.#...................#
#.#...).#.#...........###....####
#.####.#..#######.....# #.#......
#..#)######## #.....# #.#######
#.#.....#.#.. +.....###....####
######.#..#.# #........†.......


You could see 3 gnolls, a goblin and a bat.

Vanquished Creatures
  A gnoll (D:3)
  2 adders
  An adder skeleton (D:3)
  A worm (D:3)
  A dart slug (D:1)
  2 orcs (D:3)
  5 bats
  3 endoplasms
  A goblin (D:3)
  2 hobgoblins
  2 quokkas
  5 ball pythons
  4 frilled lizards
  3 kobolds
  3 rats
36 creatures vanquished.

Notes
Turn   | Place    | Note
-------+----------+-------------------------------------------
     0 | D:1      | nerdsy the Gnoll Wanderer began the quest for the Orb.
     0 | D:1      | nerdsy set off with the following items: a +2 hand axe, a
                  | potion of attraction, a +0 scale mail
     0 | D:1      | Reached XP level 1. HP: 13/13 MP: 2/2
   399 | D:1      | Reached XP level 2. HP: 19/19 MP: 3/3
   401 | D:1      | Found a faded altar of an unknown god.
   406 | D:1      | Noticed a floating eye
   414 | D:1      | Noticed a great orb of eyes
   424 | D:1      | Noticed an eye of devastation
   424 | D:1      | Noticed a floating eye
  1210 | D:2      | Identified the +7 mace of Dominance {flame, rPois}
  1489 | D:2      | Reached XP level 3. HP: 25/25 MP: 4/4
  1989 | D:3      | Reached skill level 1 in Fighting
  1989 | D:3      | Reached skill level 1 in Short Blades
  1989 | D:3      | Reached skill level 1 in Long Blades
  1989 | D:3      | Reached skill level 1 in Maces & Flails
  1989 | D:3      | Reached skill level 1 in Polearms
  1989 | D:3      | Reached skill level 1 in Staves
  1989 | D:3      | Reached skill level 1 in Slings
  1989 | D:3      | Reached skill level 1 in Bows
  1989 | D:3      | Reached skill level 1 in Crossbows
  1989 | D:3      | Reached skill level 1 in Throwing
  1989 | D:3      | Reached skill level 1 in Dodging
  1989 | D:3      | Reached skill level 1 in Stealth
  1989 | D:3      | Reached skill level 1 in Shields
  1989 | D:3      | Reached skill level 1 in Unarmed Combat
  1989 | D:3      | Reached skill level 1 in Spellcasting
  2039 | D:3      | Reached XP level 4. HP: 32/32 MP: 6/6
  2107 | D:3      | Slain by a gnoll

Illustrated notes

Levels and vault maps discovered:
D:1:      nagdon_arrival_double_spiral, layout_basic,
          hellmonk_ecumenical_altar_watching_god, minmay_tromino_v2
D:2:      layout_loops_ring
D:3:      minmay_angry_zag, layout_basic, serial_shops,
          nicolae_shop_temple_entry_statues_fountains, uniq_robin

Skill      XL: |  1  2  3 |
---------------+----------+-----
Fighting       | 1 |  1.1
Short Blades   | 1 |  1.1
Long Blades    | 1 |  1.1
Maces & Flails | 1 |  1.1
Polearms       | 1 |  1.1
Staves         | 1 |  1.1
Slings         | 1 |  1.1
Bows           | 1 |  1.1
Crossbows      | 1 |  1.1
Throwing       | 1 |  1.1
Dodging        | 1 |  1.1
Stealth        | 1 |  1.1
Shields        | 1 |  1.1
Unarmed Combat | 1 |  1.1
Spellcasting   | 1 |  1.1
Axes           | |  6.6
Armour         | |  8.5
Conjurations   | |  0.8
Hexes          | |  0.8
Summonings     | |  0.8
Necromancy     | |  0.8
Translocations | |  0.8
Transmutations | |  0.8
Fire Magic     | |  0.8
Ice Magic      | |  0.8
Air Magic      | |  0.8
Earth Magic    | |  0.8
Poison Magic   | |  0.8
Invocations    | |  2.8
Evocations     | |  4.6

Action                   |  1- 3 |  4- 6 || total
-------------------------+-------+-------++-------
Melee: Hand axe          |    50 |       ||    50
       Mace              |    32 |    11 ||    43
       Bite              |     6 |     1 ||     7
  Use: Potion            |       |     4 ||     4
       Scroll            |       |     1 ||     1
Armor: Scale mail        |    50 |     7 ||    57
Dodge: Dodged            |    46 |    15 ||    61
